cohdb
Replays
Latest Replays
All Replays
Popular Replays
Top Player Replays
Match Explorer
How It Works
Community
CoH3 Stats
Reddit
Sign in to upload your games and track your stats! →
Sign in with Steam
Match 42344814
Unlisted
Match 42344814
Overview
Messages
Build Orders
End
Construct Infanterie Kompanie
Selects Terror Battlegroup
Selects Machine Gun Camouflage
Kettenkrad Recon Vehicle
MG 42 Machine Gun Team
GrW 34 Mortar Team
Pioneer Squad
Pioneer Squad
Construct Panzergrenadier Kompanie
Panzergrenadier Squad
Medical Bunker
Panzergrenadier Squad
Support Elements
Selects Defend the Fatherland
StuG III G Assault Gun
Panzergrenadier Squad
Nebelwerfer 42 Rocket Launcher Team
Panzergrenadier Officer Quarters
StuG III G Assault Gun
Nebelwerfer 42 Rocket Launcher Team
Selects King Tiger Heavy Tank
Selects Interrogate
King Tiger Heavy Tank
Selects Propaganda Leaflet Drop
Selects V1 Rocket Strike
V1 Rocket Strike
nobody
GTech
gihof NAFO
The BrownBear
DibbeTC
﴾✯﴿ Makora ﴾✯﴿
0
0
Comments
sign in to comment!
No comments posted yet!